AoeStats
← Kiminyua

MegaRandom

506312453Analyzed
1v1 RM · 19d ago on Sep 13, 2026· 69m 9s· 2 players
Game mode
Random Map
Map size
Tiny (2 player)
Population
200
Speed
Normal
Resources
Standard
Victory
Conquest
Starting age
Dark Age
Ending age
Imperial Age
RankedLock teamsTeams togetherTeam positionsShared explorationLock speedFull tech treeHidden civsTurbo modeCheats
Victory
Defeat
🇺🇸 Teutons · United States
340
+14
🇨🇴 Japanese · Colombia
292
-14
Kiminyua
1:21 Loom
22:51 Feudal Age
25:41 Man-at-Arms
27:49 Gold Mining
27:52 Stone Mining
27:46 Horse Collar
27:57 Double-Bit Axe
29:34 Wheelbarrow
34:11 Castle Age
35:30 Scale Barding Armor
35:26 Scale Mail Armor
35:27 Padded Archer Armor
35:17 Fletching
35:38 Forging
36:36 Bloodlines
37:30 Light Cavalry
39:23 Hand Cart
46:56 Imperial Age
45:44 Bow Saw
46:32 Gold Shaft Mining
48:05 Parthian Tactics
48:51 Two-Man Saw
48:13 Gambesons
47:49 Long Swordsman
48:30 Squires
47:50 Pikeman
48:21 Arson
49:09 Two-Handed Swordsman
50:10 Elite Samurai
50:52 Yasama
51:13 Kataparuto
54:34 Champion
64:52 Heavy Cavalry Archer
Superlative Smegma Savant
13:37 Feudal Age
13:22 Loom
14:12 Double-Bit Axe
14:09 Horse Collar
16:04 Fishing Lines
20:16 Forging
20:37 Stone Mining
20:42 Gold Mining
21:10 Scale Mail Armor
21:17 Scale Barding Armor
21:09 Fletching
21:19 Padded Archer Armor
26:28 Arson
29:16 Castle Age
32:34 Gillnets
32:55 Medium Warships
37:32 Ballistics
40:19 Imperial Age
41:30 Heavy Warships
42:25 Chemistry
41:37 Careening
41:38 Clinker Construction
41:41 Siphons
41:50 Masonry
42:04 Conscription
42:10 Crenellations
45:10 Iron Casting
44:50 Chain Mail Armor
44:57 Chain Barding Armor
44:34 Bodkin Arrow
46:17 Elite Teutonic Knight
48:49 Blast Furnace
48:20 Plate Mail Armor
47:15 Pikeman
47:56 Squires
53:09 Elite Skirmisher
54:11 Leather Archer Armor
54:36 Plate Barding Armor
61:41 Ring Archer Armor
Connection lost

Rejoining the realm…

Still unreachable

The connection could not be restored.

Session expired

The server has moved on; the page needs a fresh start.